 Dungeon Crawl Stone Soup version 0.25-a0-100-g33052ce (webtiles) character file.

Game seed: 1296351041970839703, levelgen mode: deterministic

158 Dorkslayer the Covered (level 5, -2/42 HPs)
             Began as a Barachi Fighter on Nov 15, 2019.
             Slain by Grinder (6 damage)
             ... on level 4 of the Dungeon.
             The game lasted 00:08:45 (2687 turns).

Dorkslayer the Covered (Barachi Fighter)            Turns: 2687, Time: 00:08:46

Health: -2/42      AC:  7    Str: 18    XL:     5   Next: 40%
Magic:  5/5        EV:  7    Int:  9    God:
Gold:   100        SH:  9    Dex: 11    Spells: 4/4 levels left

rFire    . . .     SeeInvis .   a - +0 long sword
rCold    . . .     Gourm    .   c - +0 shield
rNeg     . . .     Faith    .   b - +0 scale mail
rPois    .         Spirit   .   (no helmet)
rElec    .         Reflect  .   (no cloak)
rCorr    .         Harm     .   (no gloves)
MR       +....                  (no boots)
Stlth    ..........             (no amulet)
HPRegen  0.14/turn              k - ring of protection from magic
MPRegen  0.09/turn              (no ring)

@: slow
A: +LOS, swims, slowness 1, strong legs 1
a: Hop


You were on level 4 of the Dungeon.
You were not hungry.

You visited 1 branch of the dungeon, and saw 4 of its levels.

You collected 100 gold pieces.

Inventory:

Hand Weapons
 a - a +0 long sword (weapon)
Missiles
 o - 66 poisoned darts
 s - a curare-tipped dart (quivered)
Armour
 b - a +0 scale mail (worn)
 c - a +0 shield (worn)
Jewellery
 k - a ring of protection from magic (left hand)
Wands
 r - a wand of enslavement (9)
Scrolls
 e - a scroll of magic mapping {unknown}
 h - a scroll of immolation {unknown}
 n - 3 scrolls of teleportation
 p - 2 scrolls of remove curse {unknown}
 q - a scroll of identify {unknown}
 u - a scroll of enchant weapon {unknown}
Potions
 d - a potion of might
 g - 2 potions of degeneration {unknown}
 i - a potion of magic {unknown}
 j - 3 potions of haste {unknown}
 l - a potion of curing {unknown}
 m - 2 potions of heal wounds {unknown}
Comestibles
 f - 8 rations
 t - 4 chunks of flesh


   Skills:
 + Level 4.2 Fighting
 + Level 3.6 Long Blades
 * Level 1.4 Throwing
 + Level 4.3 Armour
 + Level 1.0 Dodging
 + Level 0.1 Stealth
 + Level 4.2 Shields
 * Level 1.2 Evocations


You had 4 spell levels left.
You didn't know any spells.
Your spell library was empty.

Dungeon Overview and Level Annotations

Branches:
Dungeon (4/15)
 Temple: D:4-7

Altars:
Qazlal

Annotations:
D:4 Grinder


Innate Abilities, Weirdness & Mutations

Shadows flee at your approach. (+LOS)
You can swim through water.
You cover ground slowly.
You can hop short distances.


Message History

You block Grinder's attack. The giant cockroach bites you.
Throwing (i - inventory. (/) - cycle)
s - 3 curare-tipped darts (quivered)
Press: ? - help, Shift-Dir - straight line, f/p - Grinder
Aim: Grinder (lightly wounded)
You throw a curare-tipped dart. The curare-tipped dart hits Grinder.
Grinder is lightly wounded.
The giant cockroach bites you. Grinder gestures at you.
Pain shoots through your body!
* * * LOW HITPOINT WARNING * * *
You block the giant cockroach's attack.
Throwing (i - inventory. (/) - cycle)
s - 2 curare-tipped darts (quivered)
Press: ? - help, Shift-Dir - straight line, f/p - Grinder
Aim: Grinder (lightly wounded)
You throw a curare-tipped dart.
The curare-tipped dart barely misses Grinder.
Grinder hits you!
* * * LOW HITPOINT WARNING * * *
You writhe in agony.
You die...

........# #...#
##......####...#
#..).....# ...#
####.....# ..##
#.....# #..##
#.....####...##
#####.........##
#..........##
#.......@...#
#.......s5.......
######....<......
######......
...... .(### .#
.# #


You could see Grinder and a giant cockroach.

Vanquished Creatures
  A centaur skeleton (D:4)
  4 adders
  A worm (D:2)
  A dart slug (D:2)
  A leopard gecko (D:3)
  3 orcs
  5 bats
  6 giant cockroaches
  5 goblins
  11 hobgoblins
  23 jackals
  A ball python (D:2)
  2 frilled lizards
  3 kobolds (D:1)
  9 rats
76 creatures vanquished.

Notes
Turn   | Place    | Note
-------+----------+-------------------------------------------
     0 | D:1      | Dorkslayer the Barachi Fighter began the quest for the Orb.
     0 | D:1      | Reached XP level 1. HP: 18/18 MP: 1/1
   214 | D:1      | Reached XP level 2. HP: 25/25 MP: 2/2
   536 | D:1      | Reached XP level 3. HP: 26/30 MP: 3/3
  1236 | D:2      | Reached XP level 4. HP: 37/37 MP: 4/4
  2237 | D:3      | Reached skill level 1 in Throwing
  2237 | D:3      | Reached XP level 5. HP: 22/42 MP: 5/5
  2522 | D:3      | Reached skill level 1 in Evocations
  2541 | D:3      | Found a stormy altar of Qazlal.
  2645 | D:4      | Reached skill level 1 in Dodging
  2679 | D:4      | Noticed Grinder
  2687 | D:4      | Slain by Grinder

Levels and vault maps discovered:
D:1:      mrwooster_arrival_statue_2, layout_loops_corners, serial_rivers,
          chequers_serial_rivers_micro_e, chequers_serial_rivers_marsh,
          chequers_serial_rivers_room_b, chequers_serial_rivers_small_a,
          chequers_serial_rivers_room_b
D:2:      layout_basic, first_ration, bh_walls_and_bars
D:3:      layout_loops_ring, nicolae_qazlal_general_emergency
D:4:      layout_basic, goddamned_bats, uniq_grinder, uniq_eustachio,
          uniq_edmund

Skill      XL: |  1  2  3  4  5 |
---------------+----------------+-----
Fighting       | 4 |  4.2
Armour         | 4 |  4.3
Long Blades    | 3 |  3.6
Shields        | 4 |  4.2
Throwing       | 1 |  1.4
Evocations     | 1 |  1.2
Dodging        | 1 |  1.0
Stealth        | |  0.1

Action                   |  1- 3 |  4- 6 || total
-------------------------+-------+-------++-------
Melee: Long sword        |   165 |   103 ||   268
Throw: Dart              |       |    22 ||    22
  Use: Scroll            |       |     1 ||     1
  Eat: Chunk             |     2 |     5 ||     7
Armor: Scale mail        |    94 |    43 ||   137
Dodge: Dodged            |    59 |    26 ||    85
Block: Shield            |   121 |    58 ||   179
       Rpst.: Long sword |    19 |    10 ||    29

Table legend:
 A = Non-vault XP
 B = Vault XP
 C = Vault XP percentage of total XP
 D = Non-vault monster count
 E = Vault monster count
 F = Vault count percentage of total count
                 A         B        C        D         E       F
            +---------+---------+-------+---------+---------+-------
      Total |     227 |       0 |   0.0 |      76 |       0 |   0.0
            +---------+---------+-------+---------+---------+-------
        D:1 |      53 |       0 |   0.0 |      31 |       0 |   0.0
        D:2 |      56 |       0 |   0.0 |      22 |       0 |   0.0
        D:3 |      76 |       0 |   0.0 |      21 |       0 |   0.0
        D:4 |      42 |       0 |   0.0 |       2 |       0 |   0.0
            +---------+---------+-------+---------+---------+-------
